AoeStats
← DK

Arabia

510525925Analyzed
1v1 RM · 1d ago on Oct 1, 2026· 40m 48s· 2 players
Game mode
Random Map
Map size
Tiny (2 player)
Population
200
Speed
Normal
Resources
Standard
Victory
Conquest
Starting age
Dark Age
Ending age
Imperial Age
RankedLock teamsTeams togetherTeam positionsShared explorationLock speedFull tech treeHidden civsTurbo modeCheats
Victory
Defeat
🇮🇳 Magyars · India
1464
+18
🇨🇦 Saxons · Canada
1517
-18
xSheepLord
11:12 Feudal Age
12:38 Loom
15:08 Castle Age
24:04 Double-Bit Axe
26:39 Horse Collar
27:26 Scale Barding Armor
30:01 Wheelbarrow
31:33 Chain Barding Armor
31:32 Man-at-Arms
32:27 Bow Saw
31:56 Light Cavalry
32:46 Bloodlines
33:06 Husbandry
33:20 Gold Mining
37:34 Imperial Age
40:03 Hoardings
40:16 Plate Barding Armor
DK
5:11 Loom
9:16 Feudal Age
10:02 Double-Bit Axe
11:16 Horse Collar
16:12 Forging
15:54 Fletching
21:15 Castle Age
22:15 Crossbowman
24:28 Bodkin Arrow
24:38 Gold Mining
25:36 Bow Saw
28:17 Padded Archer Armor
28:48 Town Watch
29:33 Ballistics
32:46 Wheelbarrow
34:27 Leather Archer Armor
36:58 Imperial Age
36:44 Thumb Ring
37:40 Bracer
37:01 Arbalester
38:45 Chemistry
Connection lost

Rejoining the realm…

Still unreachable

The connection could not be restored.

Session expired

The server has moved on; the page needs a fresh start.